 Dungeon Crawl Stone Soup version 0.23.2-11-gf996548c65 (webtiles) character file.

Game seed: 2898968313587868648

2684 Electrofox the Grappler (level 9, 0/92 HPs)
             Began as a Troll Berserker on June 5, 2019.
             Was an Elder of Trog.
             Slain by an orc wizard
             ... wielding a +0 dagger
              (3 damage)
             ... on level 8 of the Dungeon.
             The game lasted 01:31:37 (7370 turns).

Electrofox the Grappler (Troll Berserker)           Turns: 7370, Time: 01:31:38

Health: 0/92       AC:  7    Str: 31    XL:     9   Next: 37%
Magic:  8/8        EV: 11    Int:  3    God:    Trog [****..]
Gold:   462        SH:  0    Dex: 12    Spells: 8/8 levels left

rFire    . . .     SeeInvis .     - Unarmed
rCold    . . .     Gourm    +   (no shield)
rNeg     . . .     Faith    .   a - +0 animal skin
rPois    .         Spirit   .   (helmet restricted)
rElec    .         Reflect  .   w - +0 cloak
rCorr    +         Harm     .   (gloves unavailable)
MR       ++...                  (boots unavailable)
Stlth    +.........             (no amulet)
HPRegen  1.65/turn              m - ring of resist corrosion
MPRegen  0.11/turn              v - +4 ring of strength

@: berserk cooldown, regenerating, slowed, very slow
A: large, unfitting armour, claws 3, fast metabolism 3, gourmand, regeneration
1, shaggy fur 1, tough skin 3
a: Berserk, Trog's Hand, Brothers in Arms, Renounce Religion


You were on level 8 of the Dungeon.
You worshipped Trog.
Trog was greatly pleased with you.
You were not hungry.

You visited 1 branch of the dungeon, and saw 8 of its levels.

You collected 462 gold pieces.

Inventory:

Hand Weapons
 x - a +0 giant spiked club
Missiles
 o - 341 stones (quivered)
Armour
 a - a +0 animal skin (worn)
 w - a +0 cloak (worn)
Jewellery
 h - an uncursed amulet of faith {unknown}
 m - a ring of resist corrosion (left claw)
 v - a +4 ring of strength (right claw)
Wands
 l - a wand of flame (15)
 p - a wand of paralysis (9)
Scrolls
 c - a scroll of magic mapping
 d - 4 scrolls of identify
 e - 2 scrolls of fog
 f - 4 scrolls of teleportation
 s - 3 scrolls of fear {unknown}
 t - 5 scrolls of remove curse
 y - a scroll of immolation {unknown}
 A - a scroll of blinking {unknown}
 B - a scroll of random uselessness {unknown}
Potions
 g - a potion of invisibility {unknown}
 i - 2 potions of cancellation
 j - 3 potions of curing
 k - a potion of mutation {unknown}
 n - a potion of berserk rage {unknown}
 q - 2 potions of resistance
 r - 2 potions of might {unknown}
 u - a potion of brilliance {unknown}
Comestibles
 b - 10 rations


   Skills:
 + Level 6.7 Fighting
 + Level 6.4 Maces & Flails
 - Level 3.0 Dodging
 - Level 8.0 Unarmed Combat


You had 8 spell levels left.
You didn't know any spells.
Your spell library was empty.

Dungeon Overview and Level Annotations

Branches:
Dungeon (8/15)             Temple (0/1) D:5
   Lair: D:8-11

Altars:
Ashenzari
Dithmenos
Makhleb
Sif Muna
Uskayaw
Zin

Shops:
D:5 (}?*   D:7 :

Annotations:
D:2 1 runed translucent door, exclusion: door, Crazy Yiuf
D:4 Pikel


Innate Abilities, Weirdness & Mutations

You are too large for most types of armour.
You have claws for hands.
Your metabolism is lightning-fast.
You like to eat raw meat.
Your natural rate of healing is unusually fast.
You are covered in fur. (AC +1)
You have extremely tough skin. (AC +3)


Message History

* * * LOW HITPOINT WARNING * * *
Something hits you but does no damage.
Unknown command.
You miss something. Something hits you but does no damage.
The orc hits you but does no damage. Something hits you but does no damage.
Something completely misses you.
Unknown command.
You scratch something but do no damage. The orc misses you.
Something hits you but does no damage. x2
You barely miss something. Something completely misses you.
The orc hits you but does no damage. Something hits you but does no damage.
Your skin crawls.
You feel resistant to hostile enchantments.
You feel somewhat more hungry. Something hits you.
* * * LOW HITPOINT WARNING * * *
The orc hits you with a +0 club.
* * * LOW HITPOINT WARNING * * *
Something hits you but does no damage. x3; The orc hits you but does no damage.
You barely miss something. Something hits you.
You die...

oo........#.............#....
...o....<.#...........>.#....
......oo..#.............#....
.........#'####...##..##....
#..o..#...##...##..#.....
#.o...#...#........#.....
#.....#...#........#
+.....#†{)#........+
#.....##@#######+###
##)....o{........
+...............
#...............
#...............
#...............
#...............
..........#########
#..........#


You could see an orc.

Vanquished Creatures
  2 hippogriffs (D:8)
  An orc warrior (D:8)
  2 sky beasts
  A phantom (D:7)
  3 slaves
  3 ice beasts
  2 ogres
  A bullfrog (D:5)
  A scorpion (D:4)
  A wight (D:7)
  2 crimson imps
  A bullfrog zombie (D:6)
  2 jellies (D:5)
  A centaur zombie (D:5)
  3 hounds
  9 orc priests
  4 orc wizards
  Terence (D:3)
  13 worker ants
  A hound zombie (D:7)
  A hound skeleton (D:4)
  A worker ant zombie (D:6)
  4 gnolls (D:4)
  15 adders
  An adder zombie (D:5)
  An adder skeleton (D:4)
  A worm (D:2)
  3 leopard geckos
  27 orcs
  A ball python (D:3)
  6 giant cockroaches
  12 goblins
  6 hobgoblins
  15 jackals
  A quokka (D:2)
  7 bats
  5 frilled lizards
  A jackal skeleton (D:5)
  9 kobolds
  A quokka zombie (D:6)
  11 rats
183 creatures vanquished.

Vanquished Creatures (collateral kills)
  2 wights (D:7)
2 creatures vanquished.

Grand Total: 185 creatures vanquished

Notes
Turn   | Place    | Note
-------+----------+-------------------------------------------
     0 | D:1      | Electrofox the Troll Berserker began the quest for the Orb.
     0 | D:1      | Reached XP level 1. HP: 22/22 MP: 0/0
   139 | D:1      | Reached XP level 2. HP: 27/29 MP: 1/1
   926 | D:2      | Reached XP level 3. HP: 36/37 MP: 2/2
  1043 | D:2      | Reached ** piety under Trog
  1288 | D:2      | Reached XP level 4. HP: 42/45 MP: 3/3
  1535 | D:2      | Reached skill level 4 in Unarmed Combat
  1554 | D:2      | Found a runed translucent door.
  1555 | D:2      | Noticed Crazy Yiuf
  2171 | D:3      | Reached XP level 5. HP: 48/53 MP: 4/4
  2216 | D:3      | Reached skill level 5 in Unarmed Combat
  2219 | D:3      | Reached *** piety under Trog
  2330 | D:3      | Noticed Terence
  2358 | D:3      | Killed Terence
  2793 | D:4      | Reached skill level 6 in Unarmed Combat
  2793 | D:4      | Reached XP level 6. HP: 39/61 MP: 5/5
  3213 | D:4      | Reached skill level 7 in Unarmed Combat
  3370 | D:4      | Noticed a slave
  3398 | D:4      | Killed a slave
  3437 | D:4      | Noticed a slave
  3495 | D:4      | Noticed a slave
  3495 | D:4      | Noticed a slave
  3516 | D:4      | Killed a slave
  3524 | D:4      | Noticed Pikel
  3530 | D:3      | Killed a slave
  3704 | D:4      | Reached XP level 7. HP: 61/67 MP: 6/6
  4083 | D:4      | Reached skill level 8 in Unarmed Combat
  4147 | D:5      | Entered Level 5 of the Dungeon
  4269 | D:5      | Found Hitimesi's Assorted Antiques.
  4276 | D:5      | Reached skill level 1 in Maces & Flails
  4382 | D:5      | Found Voegrir's Magic Scroll Boutique.
  4460 | D:5      | Found a staircase to the Ecumenical Temple.
  4477 | D:5      | Reached **** piety under Trog
  4738 | D:5      | Found Zuaq's Gadget Shoppe.
  4745 | D:5      | Found Firom's Weapon Shoppe.
  4969 | D:5      | Reached XP level 8. HP: 78/78 MP: 7/7
  5692 | D:6      | Reached skill level 5 in Fighting
  6203 | D:6      | Found a hide-covered altar of Uskayaw.
  6489 | D:7      | Found Giustrut's Book Shop.
  6518 | D:7      | Reached skill level 5 in Maces & Flails
  6606 | D:7      | Found a glowing silver altar of Zin.
  6688 | D:7      | Reached XP level 9. HP: 78/89 MP: 8/8
  6853 | D:7      | Found a deep blue altar of Sif Muna.
  6965 | D:7      | Found a shadowy altar of Dithmenos.
  6965 | D:7      | Found a faded altar of an unknown god.
  6972 | D:7      | Found a burning altar of Makhleb.
  6974 | D:7      | Found a shattered altar of Ashenzari.
  6976 | D:7      | Found a faded altar of an unknown god.
  7363 | D:8      | HP: 2/92 [something/puff of flame (7)]
  7369 | D:8      | HP: 3/92 [something (3)]
  7369 | D:8      | HP: 1/92 [orc/+0 club (2)]
  7370 | D:8      | Slain by an orc wizard

Skill      XL: |  1  2  3  4  5  6  7  8  9 |
---------------+----------------------------+-----
Fighting       | 3 4 5 6 |  6.7
Dodging        | 3 |  3.0
Unarmed Combat | 4 6 7 8 |  8.0
Maces & Flails | 2 5 6 |  6.4

Action                   |  1- 3 |  4- 6 |  7- 9 || total
-------------------------+-------+-------+-------++-------
Melee: Unarmed           |   105 |   164 |   222 ||   491
       Punch             |     1 |     7 |     7 ||    15
       Giant spiked club |       |       |    30 ||    30
Throw: Stone             |       |       |    10 ||    10
Invok: Berserk           |       |     1 |     4 ||     5
       Trog's Hand       |       |       |     2 ||     2
       Brothers in Arms  |       |       |     1 ||     1
  Use: Scroll            |       |     3 |     6 ||     9
       Potion            |       |       |     1 ||     1
 Stab: Sleeping          |       |     2 |       ||     2
  Eat: Chunk             |    17 |    23 |    32 ||    72
Armor: Animal skin       |    28 |    46 |    92 ||   166
Dodge: Dodged            |    47 |    77 |   114 ||   238
